 Dungeon Crawl Stone Soup version 0.25.1-11-g244df3a29b (webtiles) character file.

Game seed: 14121442638267890427

487 tkbsonic5 the Sneak (level 7, -7/38 HPs)
             Began as a Vine Stalker Assassin on Dec 22, 2022.
             Was a Follower of Dithmenos.
             Mangled by an orc warrior
             ... wielding a cursed +0 war axe
              (19 damage)
             ... on level 5 of the Dungeon on Dec 23, 2022.
             The game lasted 00:16:55 (4154 turns).

tkbsonic5 the Sneak (Vine Stalker Assassin)         Turns: 4154, Time: 00:16:55

Health: -7/38      AC:  5    Str: 14    XL:     7   Next: 13%
Magic:  0/17       EV: 11    Int: 11    God:    Dithmenos [*.....]
Gold:   219        SH:  0    Dex: 17    Spells: 6/6 levels left

rFire    . . .     SeeInvis .   a - +4 dagger
rCold    . . .     Gourm    .   (no shield)
rNeg     . . .     Faith    +   C - +0 leather armour
rPois    .         Spirit   +   (no helmet)
rElec    .         Reflect  .   c - +1 cloak
rCorr    .         Harm     .   (no gloves)
MR       .....                  (no boots)
Stlth    ++++......             b - amulet of faith
HPRegen  0.52/turn              u - ring of flight
MPRegen  0.15/turn              x - ring of magical power

@: wreathed by umbra
A: fangs 2, hooves 1, regeneration 1, magic shield, antimagic bite, no potion
heal 3, rot immunity, subdued magic 1
a: Renounce Religion, Evoke Flight


You were on level 5 of the Dungeon.
You worshipped Dithmenos.
Dithmenos was aware of your devotion.
You were not hungry.

You visited 1 branch of the dungeon, and saw 6 of its levels.

You collected 219 gold pieces.

Inventory:

Hand Weapons
 a - a +4 dagger (weapon)
 g - a +0 hunting sling
 s - a +2 whip of electrocution
Missiles
 d - 5 poisoned darts
 e - 2 curare-tipped darts
 h - 87 arrows
 i - 12 sling bullets
 n - 8 boomerangs
 p - 4 atropa-tipped darts (quivered)
Armour
 c - a +1 cloak (worn)
 C - a +0 leather armour (worn)
Jewellery
 b - an amulet of faith (around neck)
 r - an uncursed ring of ice
 u - a ring of flight (left hand)
 x - a ring of magical power (right hand)
Wands
 y - a wand of flame (8)
Scrolls
 l - 5 scrolls of remove curse
 m - 3 scrolls of teleportation
 o - 2 scrolls of blinking
Potions
 j - a potion of stabbing {unknown}
 k - 2 potions of cancellation {unknown}
 q - a potion of haste
 z - a potion of curing {unknown}
 A - a potion of lignification
 B - a potion of degeneration {unknown}
Comestibles
 f - 8 rations


   Skills:
 * Level 4.4 Fighting
 + Level 3.3 Short Blades
 - Level 1.7 Throwing
 - Level 0.7 Dodging
 * Level 7.8 Stealth


You had 6 spell levels left.
You didn't know any spells.
Your spell library contained the following spells:

 Spells                   Type           Power        Failure   Level  Hunger
 Magic Dart               Conj           #...         36%         1    ##.....
 Searing Ray              Conj           #.....       52%         2    ###....
 Dazzling Flash           Conj/Hex       #.....       77%         3    ####...
 Fulminant Prism          Conj/Hex       #.........   99%         4    #####..
 Iskenderun's Mystic Bla  Conj/Tloc      #.......     99%         4    #####..


Dungeon Overview and Level Annotations

Branches:
Dungeon (6/15)
 Temple: D:4-7

Altars:
Ashenzari
Dithmenos
Elyvilon
Hepliaklqana

Annotations:
D:4 Edmund, Robin


Innate Abilities, Weirdness & Mutations

You have extremely sharp teeth.
Your natural rate of healing is unusually fast.
When hurt, damage is shared between your health and your magic reserves.
Your bite disrupts and absorbs the magic of your enemies.
Potions cannot restore your health.
You are immune to rotting.
You have large cloven feet.
Your spells are a little easier to cast, but a little less powerful.


Message History

The orc warrior barely misses you.
You hit the orc warrior but do no damage.
You bite the orc warrior, but do no damage.
The orc warrior is heavily wounded.
The orc warrior completely misses you.
You hit the orc warrior but do no damage.
The orc warrior is heavily wounded.
You hit the orc warrior.
You bite the orc warrior, but do no damage.
The orc warrior is heavily wounded.
The orc warrior is no longer blind.
The orc warrior hits you with a cursed +0 war axe!
Throwing (i - inventory. (/) - cycle)
p - 5 atropa-tipped darts (quivered)
Press: ? - help, Shift-Dir - straight line, f/p - orc warrior
Aim: an orc warrior, wielding a +0 war axe and wearing a +1 plate armour of cold resistance (heavily wounded, umbra, chance to blind on hit: 80%)
You throw an atropa-tipped dart.
The atropa-tipped dart barely misses the orc warrior.
The orc warrior hits you with a cursed +0 war axe!!
Ouch! That really hurt!
You die...

....##..##........+.....####.....
#######...........##.......######
#...........##.......#####
#.........#.##...........# #
#...#.#.#...##)..........## #
##.......#...#.............# #
#....#...#.....########....#
######.####...##.#..# #....#
...##...⌠.#.+#(o@#..### #....#
##.....#.........#....#### #....#
#..#####.......###.#....# #<...#
#..#...#.......#...#....###....#
#..+...+..._...'...#....#.......
#..#...........#...#....#....#..
##.#####.......#####....#....#..
#....#.........#.......##+#.#..
###...⌠.##'##.⌠#..#.......#)#..


You could see an orc warrior.

Vanquished Creatures
  A hungry ghost (D:5)
  An ogre (D:5)
  A hound (D:5)
  2 orc priests (D:3)
  A worker ant (D:5)
  A killer bee zombie (D:5)
  3 adders
  2 shadow imps
  An ooze (D:3)
  An adder zombie (D:5)
  4 worms
  3 dart slugs
  A leopard gecko (D:4)
  10 orcs
  6 bats
  2 giant cockroaches
  9 goblins
  6 hobgoblins
  8 kobolds
  5 frilled lizards
  A jackal zombie (D:5)
  10 rats
79 creatures vanquished.

Notes
Turn   | Place    | Note
-------+----------+-------------------------------------------
     0 | D:1      | tkbsonic5 the Vine Stalker Assassin began the quest for the
                  | Orb.
     0 | D:1      | Reached XP level 1. HP: 11/11 MP: 2/2
   119 | D:1      | Reached skill level 5 in Stealth
   202 | D:1      | Reached XP level 2. HP: 15/15 MP: 3/3
  1160 | D:2      | Reached XP level 3. HP: 19/19 MP: 4/4
  1485 | D:2      | Found a hazy altar of Hepliaklqana.
  1487 | D:2      | Found a white marble altar of Elyvilon.
  1487 | D:2      | Found a shadowy altar of Dithmenos.
  1533 | D:2      | Became a worshipper of Dithmenos the Shadowed
  1822 | D:2      | Gained mutation: Your natural rate of healing is unusually
                  | fast. [Vine Stalker growth]
  1822 | D:2      | Reached XP level 4. HP: 20/23 MP: 5/5
  2327 | D:3      | Reached skill level 6 in Stealth
  2440 | D:3      | Reached XP level 5. HP: 15/28 MP: 2/6
  2561 | D:3      | Gained mutation: Your spells are a little easier to cast,
                  | but a little less powerful. [potion of mutation]
  2561 | D:3      | Gained mutation: You have large cloven feet. [potion of
                  | mutation]
  2801 | D:3      | Reached * piety under Dithmenos
  3098 | D:4      | Noticed Robin
  3098 | D:4      | Noticed Edmund
  3373 | D:5      | Entered Level 5 of the Dungeon
  3394 | D:5      | Reached XP level 6. HP: 33/33 MP: 7/7
  3401 | D:5      | Found a shattered altar of Ashenzari.
  3596 | D:5      | Reached skill level 7 in Stealth
  3735 | D:5      | Noticed a hungry ghost
  3748 | D:5      | Killed a hungry ghost
  3748 | D:5      | Reached XP level 7. HP: 38/38 MP: 8/8
  4154 | D:5      | Mangled by an orc warrior

Illustrated notes

Levels and vault maps discovered:
D:1:      minmay_arrival_doors, layout_basic
D:2:      minmay_evil_eye, layout_loops_ring, grunt_temple_overflow_diamond,
          minivault_4, corexii_item_surrounded_by_moat
D:3:      layout_rooms, dk_vineyard_3
D:4:      layout_loops_ring, lemuel_coloured_pillars_altar, first_ration,
          serial_shops, shop, uniq_pikel, uniq_edmund, uniq_robin
D:5:      layout_basic, evilmike_ruin_ashenzari
D:6:      layout_loops_ring

Skill      XL: |  1  2  3  4  5  6 |
---------------+-------------------+-----
Fighting       | 2 3 4 |  4.4
Stealth        | 5 6 7 |  7.8
Short Blades   | 2 3 |  3.3
Throwing       | |  1.7
Dodging        | |  0.7

Action                   |  1- 3 |  4- 6 |  7- 9 || total
-------------------------+-------+-------+-------++-------
Melee: Dagger            |    85 |   127 |    17 ||   229
       Bite              |    11 |    39 |     6 ||    56
       Kick              |       |    19 |     7 ||    26
Throw: Dart              |     8 |    35 |     2 ||    45
       Boomerang         |       |     4 |       ||     4
Evoke: Wand              |       |       |     2 ||     2
  Use: Scroll            |     5 |    10 |     2 ||    17
       Potion            |     1 |     7 |       ||     8
 Stab: Sleeping          |    15 |     8 |     1 ||    24
  Eat: Chunk             |     3 |     4 |     2 ||     9
       Ration            |       |     2 |       ||     2
Armor: Robe              |    25 |     9 |       ||    34
       Leather armour    |       |     6 |     3 ||     9
Dodge: Dodged            |    41 |    47 |    13 ||   101
